Map: Goldenaura LE

Players

TheKage - Winner!

  • Race: Terran Terran
  • League: Diamond
  • Spawn Location: 12:00

SubN

  • Race: Zerg Zerg
  • League: Diamond
  • Spawn Location: 5:00

VOD

Have the link to the VOD?

Description

Time

  • Played on: Jan. 20, 2024, 3:32 p.m.
  • Length: 3:46
Show
View Real Time Build Order
Export as new Build Order

TheKage Terran - Winner!

Build Orders:  

Get SALT Encoding   

  12  0:00  SCV  
  13  0:12  SCV  
  14  0:17  Supply Depot  
  14  0:24  SCV  
  15  0:39  SCV  
  15  0:40  Barracks  
  16  0:44  Refinery  
  16  0:51  SCV  
  17  1:03  SCV  
  18  1:06  Barracks  
  18  1:15  SCV  
  19  1:27  Orbital Command  
  19  1:31  Reaper  
  20  1:34  Refinery  
  20  1:40  Supply Depot  
  20  1:53  SCV  
  20  1:54  Reaper  
  22  2:05  SCV  
  22  2:07  Reaper  
  24  2:14  Bunker  
  24  2:26  Reaper  
  25  2:41  Reaper  
  26  2:58  Reaper  
  27  3:13  Reaper  
  27  3:29  Factory, SCV  
Show
View Real Time Build Order
Export as new Build Order

SubN Zerg 

Build Orders: Hatch First 

Get SALT Encoding   

  12  0:00  Drone  
  13  0:12  Overlord  
  13  0:16  Drone  
  14  0:30  Drone x2  
  14  0:33  Drone  
  17  0:51  Hatchery  
  17  0:54  Drone  
  17  0:58  Drone  
  18  1:08  Extractor  
  17  1:13  Spawning Pool  
  17  1:15  Drone  
  17  1:19  Drone  
  18  1:27  Drone  
  19  1:38  Drone  
  20  1:48  Overlord  
  20  2:00  Zergling x2  
  21  2:03  Queen x2  
  21  2:06  Drone  
  26  2:10  Drone  
  27  2:16  Zergling x2  
  27  2:21  Spine Crawler  
  27  2:26  Drone x2  
  29  2:37  Zergling x4  
  29  2:39  Queen  
  32  2:48  Zergling x4  
  32  3:11  Drone x3  
  35  3:13  Overlord  
  37  3:34  Drone x3  
  38  3:44  Hatchery  
Tags
 
Add a new tag
Caveats
  • Supply blocks, unpowered buildings, or Contaminate may cause inaccurate times.
  • Supply counts are checked every 10 seconds.